Map: Year Zero LE

Players

hinO

  • Race: Zerg Zerg
  • Spawn Location: 1:00

SKillous - Winner!

  • Race: Protoss Protoss
  • Spawn Location: 11:00

Event: 2019 WCS Spring

VOD

Have the link to the VOD?

Description

Time

  • Played on: May 17, 2019, 8 a.m.
  • Length: 9:10

All games in this series

Show
View Real Time Build Order
Export as new Build Order

hinO Zerg 

Build Orders: Hatch First 

Get SALT Encoding   

  12  0:01  Drone  
  13  0:13  Overlord  
  13  0:18  Drone  
  14  0:31  Drone x2  
  16  0:50  Hatchery  
  16  0:54  Drone  
  16  0:57  Drone  
  16  1:01  Drone  
  18  1:12  Extractor  
  18  1:17  Spawning Pool  
  16  1:20  Drone  
  16  1:23  Drone  
  18  1:31  Drone  
  19  1:52  Hatchery  
  19  1:53  Drone  
  19  1:58  Drone  
  20  2:02  Drone  
  20  2:04  Drone  
  22  2:13  Drone  
  23  2:16  Metabolic Boost  
  23  2:20  Zergling x2  
  25  2:22  Zergling x2  
  25  2:28  Queen  
  27  2:33  Overlord  
  27  2:38  Drone  
  28  2:51  Queen, Drone x2  
  28  2:52  Drone  
  28  2:55  Drone  
  34  2:59  Drone  
  35  3:06  Overlord  
  35  3:07  Queen  
  35  3:09  Drone  
  35  3:12  Drone  
  39  3:15  Overlord  
  39  3:27  Drone x3  
  42  3:34  Drone  
  42  3:35  Roach Warren, Drone  
  42  3:36  Extractor, Drone  
  43  3:42  Overlord  
  43  3:43  Drone x2  
  43  3:44  Drone  
  43  3:46  Extractor  
  45  3:50  Overlord  
  45  3:51  Drone  
  45  3:52  Drone  
  47  3:58  Lair  
  47  4:03  Drone  
  47  4:04  Drone  
  47  4:07  Zergling x4  
  50  4:13  Drone  
  50  4:15  Roach x3  
  50  4:17  Roach  
  59  4:20  Overlord  
  59  4:24  Overlord  
  59  4:31  Overlord  
  59  4:39  Overlord  
  59  4:40  Roach x3  
  59  4:44  Overlord  
  59  4:45  Ravager x2  
  67  4:46  Ravager  
  67  4:48  Overlord  
  67  4:49  Zergling x2  
  67  4:50  Zergling x2  
  70  4:55  Zergling x2  
  70  4:56  Zergling x6  
  74  5:02  Glial Reconstitution  
  74  5:04  Drone  
  74  5:06  Drone x3  
  78  5:08  Drone  
  78  5:11  Ravager, Extractor  
  79  5:16  Zergling x8  
  79  5:23  Overlord  
  79  5:25  Zergling x6  
  82  5:31  Ravager x2  
  82  5:35  Overlord  
  84  5:36  Roach x2  
  84  5:37  Roach  
  90  5:44  Overlord  
  90  5:45  Zergling x2  
  90  5:46  Zergling x4  
  93  5:52  Roach x2  
  93  5:56  Zergling x6  
  100  5:57  Zergling x2  
  100  6:00  Overlord  
  102  6:04  Ravager x2  
  102  6:09  Zergling x8  
  104  6:20  Zergling x12  
  109  6:29  Roach x4  
  109  6:32  Ravager x2  
  119  6:40  Ravager  
  119  6:43  Zergling x12  
  119  6:46  Zergling x2  
  126  6:49  Zergling x4  
  126  6:50  Zergling x2  
  129  6:54  Zergling x4  
  120  7:09  Zergling x16  
  120  7:14  Zergling x2  
  120  7:15  Zergling x4  
  94  7:23  Drone  
  94  7:24  Spire  
  94  7:26  Drone  
  89  7:32  Drone x3  
  89  7:36  Drone x3  
  89  7:39  Drone  
  89  7:40  Drone  
  91  7:45  Drone x2  
  91  7:46  Drone  
  91  7:50  Drone x2  
  96  7:52  Drone  
  96  7:55  Drone  
  96  7:57  Drone  
  99  8:00  Extractor  
  99  8:01  Extractor  
  99  8:03  Drone  
  93  8:07  Roach  
  93  8:08  Roach x3  
  101  8:13  Roach x2  
  101  8:16  Roach x4  
  105  8:22  Roach x3  
  105  8:26  Roach  
  105  8:27  Roach  
  116  8:30  Ravager x3, Spine Crawler  
  116  8:35  Roach x4  
  116  8:38  Overlord  
  116  8:39  Overlord  
  124  8:43  Overlord  
  118  8:51  Roach  
Show
View Real Time Build Order
Export as new Build Order

SKillous Protoss - Winner!

Build Orders: 1 Gate Expand, Archon Immortal, Archon Drop 

Get SALT Encoding   

  12  0:00  Probe  
  13  0:13  Probe  
  14  0:19  Pylon  
  14  0:25  Probe  
  15  0:30  Assimilator  
  15  0:34  Probe  
  16  0:43  Probe  
  16  0:45  Gateway  
  17  0:54  Probe  
  18  1:06  Probe  
  20  1:18  Probe  
  20  1:25  Nexus  
  20  1:35  Cybernetics Core  
  20  1:37  Probe  
  21  1:42  Assimilator  
  21  1:50  Probe  
  21  1:53  Pylon  
  22  2:02  Probe  
  22  2:03  Sentry  
  23  2:12  Warp Gate  
  23  2:14  Probe  
  26  2:19  Stalker  
  26  2:26  Probe  
  29  2:33  Probe  
  29  2:38  Probe  
  29  2:41  Probe  
  29  2:43  Robotics Facility  
  31  2:50  Probe  
  33  2:51  Probe  
  34  2:58  Twilight Council  
  34  3:02  Probe  
  34  3:03  Probe  
  35  3:14  Probe  
  35  3:19  Immortal  
  36  3:20  Gateway  
  36  3:25  Charge  
  40  3:34  Gateway  
  40  3:41  Probe x2  
  42  3:46  Pylon  
  42  3:49  Warp Prism  
  42  3:53  Probe  
  42  3:54  Probe  
  44  4:02  Gateway  
  46  4:05  Probe  
  46  4:06  Probe  
  48  4:10  Forge  
  48  4:17  Probe, Pylon  
  48  4:18  Probe  
  48  4:20  Sentry  
  52  4:26  Assimilator  
  52  4:27  Assimilator  
  52  4:29  Probe  
  52  4:30  Probe  
  54  4:32  Pylon  
  54  4:36  Observer  
  55  4:41  Probe, Pylon  
  55  4:42  Probe  
  57  4:49  Protoss Ground Weapons Level 1  
  57  4:54  Immortal  
  58  5:05  Gateway  
  61  5:07  Gateway  
  61  5:25  Templar Archives  
  61  5:27  Gateway  
  61  5:29  Immortal, Gateway  
  61  5:33  Zealot x4  
  73  5:45  Probe  
  74  5:59  Nexus  
  74  6:00  Pylon  
  74  6:04  Pylon  
  74  6:09  High Templar x2  
  74  6:10  Immortal  
  78  6:23  High Templar, Archon  
  78  6:24  High Templar  
  86  6:26  Pylon x2  
  86  6:29  Archon  
  87  6:40  Zealot x4  
  94  6:48  Pylon  
  94  6:53  Protoss Ground Weapons Level 2  
  94  7:01  Zealot x5  
  92  7:12  Zealot x3  
  81  7:23  Zealot x2, High Templar x2  
  81  7:24  Immortal  
  81  7:27  Archon  
  81  7:29  Zealot  
  91  7:37  Sentry  
  91  7:38  Sentry  
  91  7:41  Zealot  
  97  7:51  Zealot x3  
  103  8:00  High Templar x2  
  103  8:01  Zealot x2  
  103  8:04  Archon  
  105  8:05  Observer  
  103  8:22  Zealot x6  
  115  8:45  Zealot x7  
  119  9:02  Zealot  
Tags
 
Add a new tag
Caveats
  • Supply blocks, unpowered buildings, or Contaminate may cause inaccurate times.
  • Supply counts are checked every 10 seconds.